 Dungeon Crawl Stone Soup version 0.22.0-25-g7663229 (webtiles) character file.

52 digijack the Caller (level 3, -4/19 HPs)
             Began as a Deep Elf Summoner on Aug 20, 2018.
             Slain by a goblin
             ... wielding a +0 dagger
              (5 damage)
             ... on level 3 of the Dungeon.
             The game lasted 00:13:22 (2406 turns).

digijack the Caller (Deep Elf Summoner)             Turns: 2406, Time: 00:13:27

Health: -4/19      AC:  3    Str:  5    XL:     3   Next: 60%
Magic:  4/10       EV: 13    Int: 20    God:
Gold:   77         SH:  0    Dex: 15    Spells: 0/9 levels left

rFire    . . .     SeeInvis +   l - +1 short sword
rCold    . . .     Gourm    .   (no shield)
rNeg     . . .     Faith    .   a - +0 robe
rPois    .         Spirit   .   (no helmet)
rElec    .         Reflect  .   (no cloak)
rCorr    .         Harm     .   (no gloves)
MR       .....                  d - +0 pair of boots (curse)
Stlth    ++........             (no amulet)
HPRegen  0.06/turn              e - ring of see invisible
MPRegen  0.12/turn              (no ring)

@: no status effects
A: no striking features
a: no special abilities


You were on level 3 of the Dungeon.
You were not hungry.

You visited 1 branch of the dungeon, and saw 3 of its levels.

You collected 77 gold pieces.

Inventory:

Hand Weapons
 l - a +1 short sword (weapon)
Missiles
 b - a throwing net
 i - a stone
 k - 3 tomahawks (quivered)
Armour
 a - a +0 robe (worn)
 d - a cursed +0 pair of boots (worn)
Jewellery
 e - a ring of see invisible (left hand)
Potions
 f - 2 potions of curing
 h - a potion of flight
 m - a potion of invisibility {unknown}
Comestibles
 c - 4 rations
 g - 6 chunks of flesh


   Skills:
 + Level 3.2 Dodging
 + Level 3.3 Stealth
 + Level 3.7 Spellcasting
 * Level 0.6 Hexes
 + Level 4.7 Summonings


You couldn't memorise any spells.
You knew the following spells:

 Your Spells              Type           Power        Failure   Level  Hunger
a - Summon Small Mammal   Summ           ###.         1%          1    None
b - Call Imp              Summ           ###.....     2%          2    ##.....
c - Call Canine Familiar  Summ           ###.....     5%          3    ###....
d - Summon Guardian Gole  Hex/Summ       ##......     13%         3    ###....

Your spell library contained the following spells:

 Spells                   Type           Power        Failure   Level  Hunger
 Summon Ice Beast         Ice/Summ       ##......     45%         4    ####...
 Summon Lightning Spire   Summ/Air       ##......     45%         4    ####...


Dungeon Overview and Level Annotations

Branches:
Dungeon (3/15)

Altars:

Annotations:
D:3 Robin


Message History

Your white imp completely misses the adder.
You hear a shout!
Casting: Call Imp (safe; 2% risk of failure)
Confirm with . or Enter, or press ? or * to list all spells.
A beastly little devil appears in a puff of frigid air.
You hear a shout!
The goblin barely misses you.
The adder closely misses your white imp.
The goblin hits you but does no damage. The goblin hits you.
Your white imp gestures at the adder.
The puff of frost hits the adder.
The adder dies!
You closely miss the goblin.
The goblin is severely wounded.
The goblin closely misses you.
The goblin shoots a stone.
The stone barely misses your white imp.
The stone closely misses the goblin.
The stone hits you.
* * * LOW HITPOINT WARNING * * *
The goblin hits you with a dagger.
You die...

### ##.. #..#
# # #5§ !# gg
#g##.##g#
#@#...#.## #
#gg###...#. #
#5#gg.#g.g (.
#†##.##.##.#
#g?#.#.....#
#...#.(..).#
#..###..#...#
#... .......#
#..#.#....#.#


You could see Robin, a hobgoblin, 4 goblins and 2 friendly white imps.

Vanquished Creatures
  2 goblins
  A kobold (D:2)
3 creatures vanquished.

Vanquished Creatures (collateral kills)
  4 adders
  A leopard gecko (D:1)
  An orc (D:3)
  7 bats
  2 giant cockroaches (D:1)
  4 goblins
  7 hobgoblins
  A jackal (D:2)
  A quokka (D:2)
  A ball python (D:1)
  A frilled lizard (D:1)
  9 kobolds
  4 rats (D:2)
43 creatures vanquished.

Grand Total: 46 creatures vanquished

Notes
Turn   | Place    | Note
-------+----------+-------------------------------------------
     0 | D:1      | digijack the Deep Elf Summoner began the quest for the Orb.
     0 | D:1      | Reached XP level 1. HP: 10/10 MP: 6/6
   277 | D:1      | Reached XP level 2. HP: 15/15 MP: 4/8
   420 | D:1      | Learned a level 2 spell: Call Imp
  1510 | D:2      | Reached XP level 3. HP: 19/19 MP: 3/10
  2000 | D:2      | Learned a level 3 spell: Call Canine Familiar
  2004 | D:2      | Learned a level 3 spell: Summon Guardian Golem
  2394 | D:3      | Noticed Robin
  2406 | D:3      | Slain by a goblin

Skill      XL: |  1  2 |
---------------+-------+-----
Stealth        | 3 |  3.3
Dodging        | 3 |  3.2
Spellcasting   | |  3.7
Hexes          | |  0.6
Summonings     | |  4.7

Action                   || total
-------------------------++-------
Melee: Unarmed           ||     3
       Short sword       ||    17
 Cast: Summon Small Mamm ||    32
       Call Imp          ||    45
       Call Canine Famil ||     1
  Use: Potion            ||     5
       Scroll            ||     3
 Stab: Sleeping          ||     1
  Eat: Chunk             ||     6
Armor: Robe              ||    11
Dodge: Dodged            ||    33
